General information
- name: BNet
- type: Ladder 1vs1/FFA
- host: Battle.net
- saver: TheHumanWay
map: LostTemple
- players: 2
- length: 63:40
- speed: Fast
- version: 1.21 W3XP
- replay type: Public
» download(232 KB)
Players
team 1 (loser)
Easyliven (
purple | 114 APM | 6489 actions | 57:04)
7 Demon Hunter
3 Mana Burn
3 Evasion
1 Metamorphosis
5 Keeper of the Grove
3 Entangling Roots
2 Thorns Aura
» actions
| Assign group hotkey | 911 | |
| Basic commands | 8 | |
| Build / train | 197 | |
| Enter build submenu | 45 | |
| Enter hero's abilities submenu | 12 | |
| Give item / drop item | 1 | |
| Remove unit from queue | 1 | |
| Right click | 2910 | |
| Select / deselect | 931 | |
| Select group hotkey | 1218 | |
| Use ability | 255 | |
6489 total
» units
| Wisp | 57 | |
| Huntress | 6 | |
| Archer | 50 | |
| Dryad | 1 | |
| Mountain Giant | 4 | |
| Druid of the Claw | 35 | |
153 total
» upgrades
| Strength of the Moon | 3 | |
| Moon Armor | 2 | |
| Druid of the Claw Training | 2 | |
| Marksmanship | 1 | |
| Mark of the Claw | 1 | |
| Strength of the Wild | 1 | |
| Nature's Blessing | 1 | |
| Reinforced Hides | 1 | |
| Well Spring | 1 | |
| Hardened Skin | 1 | |
14 total
» buildings
| Altar of Elders | 2 | |
| Moon Well | 20 | |
| Hunter's Hall | 2 | |
| Ancient of War | 3 | |
| Ancient Protector | 4 | |
| Tree of Ages | 5 | |
| Ancient of Wonders | 3 | |
| Ancient of Lore | 5 | |
| Tree of Eternity | 2 | |
| Tree of Life | 3 | |
49 total
» build order
00:12 Altar of Elders
00:19 Moon Well
01:29 Hunter's Hall
01:39 Ancient of War
01:53 Moon Well
02:39 Ancient Protector
03:22 Moon Well
04:26 Tree of Ages
04:26 Tree of Ages
05:17 Moon Well
06:14 Ancient of Wonders
06:52 Ancient of Lore
08:17 Moon Well
09:09 Tree of Eternity
09:37 Moon Well
10:22 Tree of Life
18:04 Moon Well
20:20 Tree of Life
21:36 Ancient of Lore
22:08 Ancient of Lore
23:22 Tree of Ages
23:22 Tree of Ages
23:54 Moon Well
23:55 Moon Well
23:56 Moon Well
23:58 Moon Well
23:58 Moon Well
26:21 Altar of Elders
27:23 Hunter's Hall
28:14 Moon Well
28:19 Ancient of War
28:21 Ancient of War
28:29 Ancient Protector
28:32 Ancient Protector
28:44 Ancient of Lore
28:56 Ancient of Wonders
29:24 Ancient Protector
29:39 Ancient of Lore
29:48 Moon Well
29:50 Moon Well
30:16 Ancient of Wonders
30:24 Moon Well
30:27 Moon Well
30:46 Moon Well
33:57 Moon Well
33:59 Moon Well
38:42 Tree of Eternity
39:12 Tree of Life
» items
| Staff of Preservation | 2 | |
| Potion of Healing | 5 | |
| Orb of Venom | 1 | |
8 total
team 2 (winner)
TheHumanWay (
teal | 102 APM | 6482 actions | 63:40)
8 Archmage
3 Summon Water Elemental
3 Brilliance Aura
1 Mass Teleport
1 Blizzard
6 Mountain King
3 Storm Bolt
2 Thunder Clap
1 Avatar
6 Paladin
3 Holy Light
2 Divine Shield
1 Resurrection
» actions
| Assign group hotkey | 43 | |
| Basic commands | 56 | |
| Build / train | 172 | |
| ESC pressed | 21 | |
| Enter build submenu | 311 | |
| Enter hero's abilities submenu | 21 | |
| Give item / drop item | 4 | |
| Right click | 3170 | |
| Select / deselect | 1189 | |
| Select group hotkey | 854 | |
| Use ability | 641 | |
6482 total
» units
| Peasant | 33 | |
| Footman | 8 | |
| Siege Engine | 10 | |
| Gryphon Rider | 3 | |
| Goblin Zeppelin | 1 | |
55 total
» upgrades
| Masonry | 3 | |
| Lumber Harvesting | 2 | |
| Plating | 3 | |
| Gunpowder | 3 | |
| Barrage | 1 | |
| Storm Hammers | 1 | |
13 total
» buildings
| Altar of Kings | 1 | |
| Barracks | 1 | |
| Farm | 12 | |
| Lumber Mill | 1 | |
| Scout Tower | 394 | |
| Arcane Tower | 2 | |
| Guard Tower | 52 | |
| Town Hall | 6 | |
| Keep | 1 | |
| Arcane Vault | 3 | |
| Blacksmith | 1 | |
| Castle | 1 | |
| Workshop | 5 | |
| Gryphon Aviary | 4 | |
484 total
» build order
00:18 Altar of Kings
00:22 Barracks
00:34 Farm
00:49 Farm
01:37 Farm
03:08 Lumber Mill
03:12 Scout Tower
03:13 Scout Tower
03:27 Farm
03:30 Arcane Tower
03:40 Scout Tower
04:10 Guard Tower
04:34 Town Hall
05:17 Guard Tower
05:23 Scout Tower
05:28 Scout Tower
05:36 Scout Tower
05:38 Scout Tower
05:53 Guard Tower
06:08 Guard Tower
06:16 Guard Tower
06:17 Scout Tower
06:39 Guard Tower
06:45 Guard Tower
06:50 Scout Tower
07:13 Town Hall
07:29 Keep
08:08 Arcane Vault
08:12 Farm
08:15 Farm
08:16 Farm
08:16 Farm
08:52 Scout Tower
08:54 Scout Tower
08:56 Farm
08:59 Farm
09:01 Scout Tower
09:03 Scout Tower
09:07 Blacksmith
09:20 Scout Tower
09:21 Scout Tower
09:22 Scout Tower
09:33 Scout Tower
09:34 Scout Tower
09:39 Guard Tower
09:46 Guard Tower
09:52 Scout Tower
09:53 Scout Tower
10:02 Guard Tower
10:41 Guard Tower
10:42 Scout Tower
10:43 Scout Tower
10:45 Arcane Vault
10:45 Guard Tower
10:54 Guard Tower
11:21 Guard Tower
11:22 Scout Tower
11:25 Castle
11:39 Scout Tower
11:40 Scout Tower
11:42 Scout Tower
11:46 Scout Tower
11:47 Scout Tower
11:49 Scout Tower
11:52 Guard Tower
12:26 Guard Tower
12:32 Guard Tower
12:40 Guard Tower
12:57 Workshop
12:59 Workshop
13:01 Workshop
13:03 Workshop
13:17 Guard Tower
13:43 Workshop
18:21 Gryphon Aviary
18:24 Gryphon Aviary
18:26 Gryphon Aviary
18:27 Gryphon Aviary
21:53 Arcane Vault
24:10 Farm
24:10 Farm
24:58 Scout Tower
24:59 Scout Tower
25:00 Scout Tower
25:01 Scout Tower
25:04 Scout Tower
25:05 Scout Tower
25:06 Scout Tower
25:07 Scout Tower
25:08 Scout Tower
25:09 Scout Tower
25:43 Guard Tower
25:44 Scout Tower
25:45 Scout Tower
25:45 Scout Tower
27:15 Guard Tower
28:02 Scout Tower
28:03 Scout Tower
28:05 Scout Tower
28:07 Scout Tower
28:08 Scout Tower
28:09 Scout Tower
28:11 Scout Tower
28:21 Scout Tower
28:24 Scout Tower
28:25 Scout Tower
28:25 Scout Tower
28:26 Scout Tower
28:27 Scout Tower
28:28 Scout Tower
28:29 Scout Tower
28:29 Scout Tower
28:30 Scout Tower
28:30 Scout Tower
28:31 Scout Tower
28:32 Guard Tower
28:51 Guard Tower
29:43 Guard Tower
29:45 Guard Tower
29:45 Guard Tower
30:06 Scout Tower
30:08 Scout Tower
30:09 Scout Tower
30:10 Scout Tower
30:12 Scout Tower
30:14 Scout Tower
30:15 Scout Tower
30:15 Scout Tower
30:16 Scout Tower
30:17 Scout Tower
30:18 Scout Tower
30:20 Scout Tower
30:21 Scout Tower
30:21 Scout Tower
30:23 Scout Tower
30:24 Scout Tower
30:25 Scout Tower
30:38 Guard Tower
30:39 Guard Tower
30:41 Scout Tower
30:42 Scout Tower
30:42 Scout Tower
30:43 Scout Tower
30:45 Scout Tower
30:46 Scout Tower
31:16 Guard Tower
31:24 Scout Tower
31:25 Scout Tower
31:27 Scout Tower
31:28 Scout Tower
31:30 Scout Tower
31:32 Scout Tower
31:33 Scout Tower
31:35 Scout Tower
31:36 Scout Tower
31:36 Scout Tower
31:38 Scout Tower
31:39 Scout Tower
31:39 Scout Tower
31:40 Scout Tower
31:42 Guard Tower
31:49 Town Hall
31:50 Arcane Tower
33:17 Guard Tower
33:48 Town Hall
34:26 Scout Tower
34:27 Scout Tower
34:28 Scout Tower
34:29 Scout Tower
34:35 Scout Tower
34:36 Scout Tower
34:36 Scout Tower
34:38 Scout Tower
34:38 Scout Tower
34:40 Scout Tower
34:41 Scout Tower
34:42 Scout Tower
35:53 Guard Tower
36:49 Guard Tower
37:23 Scout Tower
37:24 Scout Tower
37:26 Scout Tower
37:28 Scout Tower
37:29 Scout Tower
37:30 Scout Tower
37:31 Scout Tower
37:32 Scout Tower
37:33 Scout Tower
38:02 Guard Tower
38:05 Town Hall
38:21 Guard Tower
38:23 Guard Tower
39:49 Scout Tower
39:50 Scout Tower
39:51 Scout Tower
39:52 Scout Tower
40:16 Scout Tower
40:19 Scout Tower
40:19 Scout Tower
40:20 Scout Tower
40:21 Scout Tower
40:21 Scout Tower
40:22 Scout Tower
40:22 Scout Tower
40:23 Scout Tower
40:24 Guard Tower
40:29 Town Hall
40:51 Guard Tower
41:42 Guard Tower
42:58 Guard Tower
44:59 Scout Tower
44:59 Scout Tower
45:01 Scout Tower
45:02 Scout Tower
45:03 Scout Tower
45:04 Scout Tower
45:04 Scout Tower
45:05 Scout Tower
45:06 Scout Tower
45:06 Scout Tower
45:12 Guard Tower
45:30 Guard Tower
45:33 Guard Tower
49:07 Guard Tower
49:11 Scout Tower
49:12 Scout Tower
49:13 Scout Tower
49:14 Scout Tower
49:15 Scout Tower
49:16 Scout Tower
49:23 Scout Tower
49:24 Scout Tower
49:25 Scout Tower
49:25 Scout Tower
49:26 Scout Tower
49:26 Scout Tower
49:27 Scout Tower
49:28 Scout Tower
49:29 Scout Tower
49:30 Scout Tower
49:30 Scout Tower
49:30 Scout Tower
49:34 Scout Tower
49:58 Guard Tower
49:59 Scout Tower
50:00 Scout Tower
50:02 Scout Tower
50:02 Scout Tower
50:03 Scout Tower
50:04 Scout Tower
50:05 Scout Tower
50:05 Scout Tower
50:06 Scout Tower
50:06 Scout Tower
50:07 Scout Tower
50:08 Scout Tower
50:09 Scout Tower
50:09 Scout Tower
50:10 Scout Tower
50:11 Scout Tower
50:12 Scout Tower
50:12 Scout Tower
50:13 Scout Tower
50:24 Guard Tower
50:25 Scout Tower
50:26 Scout Tower
50:27 Scout Tower
50:27 Scout Tower
50:28 Scout Tower
50:28 Scout Tower
50:29 Scout Tower
50:30 Scout Tower
50:30 Scout Tower
50:31 Scout Tower
50:31 Scout Tower
52:34 Guard Tower
52:41 Guard Tower
54:31 Guard Tower
54:33 Guard Tower
55:02 Guard Tower
55:05 Scout Tower
55:05 Scout Tower
55:06 Scout Tower
55:07 Scout Tower
55:08 Scout Tower
55:09 Scout Tower
55:10 Scout Tower
55:10 Scout Tower
55:11 Scout Tower
55:12 Scout Tower
55:13 Scout Tower
55:13 Scout Tower
55:14 Scout Tower
55:14 Scout Tower
55:15 Scout Tower
55:17 Scout Tower
55:17 Scout Tower
55:18 Scout Tower
55:18 Scout Tower
55:19 Scout Tower
55:20 Scout Tower
55:21 Scout Tower
55:21 Scout Tower
55:22 Scout Tower
55:22 Scout Tower
56:32 Guard Tower
56:41 Scout Tower
56:42 Scout Tower
56:43 Scout Tower
56:44 Scout Tower
56:44 Scout Tower
56:44 Scout Tower
56:46 Scout Tower
56:46 Scout Tower
56:47 Scout Tower
56:48 Scout Tower
56:49 Scout Tower
56:49 Scout Tower
56:50 Scout Tower
56:51 Scout Tower
56:51 Scout Tower
56:52 Scout Tower
56:53 Scout Tower
56:54 Scout Tower
56:55 Scout Tower
56:56 Scout Tower
57:10 Scout Tower
57:12 Scout Tower
57:14 Scout Tower
57:15 Scout Tower
57:17 Scout Tower
57:18 Scout Tower
57:20 Scout Tower
57:22 Scout Tower
57:23 Scout Tower
57:25 Scout Tower
57:27 Scout Tower
57:32 Scout Tower
57:35 Scout Tower
57:37 Scout Tower
57:43 Scout Tower
57:44 Scout Tower
57:46 Scout Tower
57:48 Scout Tower
57:49 Scout Tower
57:51 Scout Tower
57:54 Scout Tower
57:55 Scout Tower
57:57 Scout Tower
57:58 Scout Tower
58:01 Scout Tower
58:02 Scout Tower
58:03 Scout Tower
58:05 Scout Tower
58:07 Scout Tower
58:11 Scout Tower
58:12 Scout Tower
58:14 Scout Tower
58:16 Scout Tower
58:19 Scout Tower
58:22 Scout Tower
58:23 Scout Tower
58:25 Scout Tower
58:27 Scout Tower
58:30 Scout Tower
58:33 Scout Tower
58:36 Scout Tower
58:40 Scout Tower
58:41 Scout Tower
58:43 Scout Tower
58:45 Scout Tower
58:51 Scout Tower
58:52 Scout Tower
58:58 Scout Tower
59:00 Scout Tower
59:02 Scout Tower
59:03 Scout Tower
59:05 Scout Tower
59:07 Scout Tower
59:08 Scout Tower
59:10 Scout Tower
59:14 Scout Tower
59:25 Scout Tower
59:27 Scout Tower
59:29 Scout Tower
59:30 Scout Tower
59:33 Scout Tower
59:38 Scout Tower
59:39 Scout Tower
59:40 Scout Tower
59:42 Scout Tower
59:43 Scout Tower
59:45 Scout Tower
59:48 Scout Tower
59:49 Scout Tower
59:50 Scout Tower
59:54 Scout Tower
59:56 Scout Tower
60:00 Scout Tower
60:02 Scout Tower
60:05 Scout Tower
60:08 Scout Tower
60:09 Scout Tower
60:10 Scout Tower
60:11 Scout Tower
60:13 Scout Tower
60:14 Scout Tower
60:15 Scout Tower
60:16 Scout Tower
60:18 Scout Tower
60:21 Scout Tower
60:24 Scout Tower
60:26 Scout Tower
60:27 Scout Tower
60:29 Scout Tower
60:30 Scout Tower
60:32 Scout Tower
60:34 Scout Tower
60:36 Scout Tower
60:37 Scout Tower
60:39 Scout Tower
60:46 Scout Tower
60:50 Scout Tower
61:02 Scout Tower
61:02 Scout Tower
61:04 Scout Tower
61:05 Scout Tower
61:08 Scout Tower
61:09 Scout Tower
61:10 Scout Tower
61:11 Scout Tower
61:14 Scout Tower
61:15 Scout Tower
61:17 Scout Tower
61:21 Scout Tower
61:24 Scout Tower
61:26 Scout Tower
61:28 Scout Tower
61:29 Scout Tower
61:31 Scout Tower
61:32 Scout Tower
61:33 Scout Tower
61:34 Scout Tower
61:36 Scout Tower
61:40 Scout Tower
61:41 Scout Tower
61:42 Scout Tower
61:44 Scout Tower
61:45 Scout Tower
61:49 Scout Tower
61:52 Scout Tower
61:53 Scout Tower
61:56 Scout Tower
61:57 Scout Tower
61:59 Scout Tower
62:28 Scout Tower
62:30 Scout Tower
62:31 Scout Tower
62:32 Scout Tower
62:34 Scout Tower
62:35 Scout Tower
62:36 Scout Tower
62:37 Scout Tower
62:39 Scout Tower
62:41 Scout Tower
62:43 Scout Tower
62:45 Scout Tower
62:47 Scout Tower
62:48 Scout Tower
62:49 Scout Tower
62:51 Scout Tower
62:56 Scout Tower
62:58 Scout Tower
63:00 Scout Tower
63:01 Scout Tower
63:02 Scout Tower
63:03 Scout Tower
63:05 Scout Tower
63:07 Scout Tower
63:08 Scout Tower
63:11 Scout Tower
63:12 Scout Tower
63:15 Scout Tower
63:16 Scout Tower
» items
| Scroll of Regeneration | 8 | |
| Scroll of Town Portal | 4 | |
| Potion of Invisibility | 1 | |
| Potion of Lesser Invulnerability | 1 | |
| Staff of Teleportation | 1 | |
| Potion of Healing | 8 | |
| Staff of Sanctuary | 2 | |
25 total
Chat log
(00:08 / All) TheHumanWay: hi
(00:12 / All) TheHumanWay: gl hf
(00:15 / All) Easyliven: u 2
(05:10 / All) TheHumanWay: lol
(05:18 / All) Easyliven: y
(05:32 / All) TheHumanWay: talking about sloppy
(21:20 / All) TheHumanWay: the human way
(21:26 / All) Easyliven: oh y
(21:51 / All) Easyliven: mass tower
(21:57 / All) Easyliven: and ..
(22:10 / All) TheHumanWay: but it was your fault
(22:18 / All) TheHumanWay: you shouldve stopped me from expoing twice
(32:37 / All) Easyliven: nooo
(32:42 / All) TheHumanWay: you can revive it
(32:44 / All) TheHumanWay: dont cry
(33:00 / All) Easyliven: I hate humans
(33:07 / All) TheHumanWay: from now on
(33:11 / All) Easyliven: oh yyy
(33:11 / All) TheHumanWay: or before this game?
(33:24 / All) Easyliven: no
(33:26 / All) Easyliven: than not
(33:29 / All) Easyliven: get?
(33:31 / All) Easyliven: ger?
(33:34 / All) TheHumanWay: ya
(33:36 / All) TheHumanWay: auch?
(33:39 / All) Easyliven: ja
(36:10 / All) Easyliven: k I lose
(36:13 / All) TheHumanWay: stay
(36:16 / All) TheHumanWay: this is fun
(36:20 / All) TheHumanWay: wie wären es damit
(36:22 / All) Easyliven: y for you
(36:25 / All) TheHumanWay: ich verteidige meine tower nichtmehr
(36:26 / All) Easyliven: ah genau
(36:29 / All) TheHumanWay: dann hast du ne chacnec
(36:31 / All) Easyliven: o,k
(40:33 / All) Easyliven: töte mnich doch
(40:37 / All) TheHumanWay: wozu?
(40:41 / All) TheHumanWay: kann ich auch nicht
(40:42 / All) TheHumanWay: zuviele aps
(40:48 / All) Easyliven: niemals
(40:49 / All) TheHumanWay: und ich habe kein gold mehr
(41:39 / All) Easyliven: kein gold
(41:44 / All) TheHumanWay: nicht viel
(41:52 / All) TheHumanWay: aka genug für deinen base
(42:03 / All) Easyliven: und die?
(42:30 / All) Easyliven: ich leave gleich töte mich jetzt
(42:35 / All) TheHumanWay: och
(42:41 / All) Easyliven: dann ist gg
(42:42 / All) TheHumanWay: nimm doch eine der inseln
(42:54 / All) TheHumanWay: hast doch 2 minen, ich nur eine
(42:58 / All) Easyliven: nnee töte mich ist eh ein lose für mich
(43:21 / All) TheHumanWay: =(
(44:51 / All) Easyliven: töte mich
(44:53 / All) TheHumanWay: ich schaffe die base nicht
(44:58 / All) Easyliven: klar
(49:56 / All) Easyliven: ich leabe in 5 minuten
(52:11 / All) Easyliven: was meinst di sind ne9s gut?
(52:21 / All) TheHumanWay: was?
(52:27 / All) TheHumanWay: nochmal auf deutsch
(52:27 / All) Easyliven: sind nachtelfen gut?
(52:30 / All) TheHumanWay: ja
(52:38 / All) TheHumanWay: beste rasse
(52:44 / All) Easyliven: ich habe die schnauze voll von denen
(52:48 / All) TheHumanWay: warum?
(52:57 / All) Easyliven: kuckk einfach mal meine stats an
(53:06 / All) TheHumanWay: das liegt aber an dir
(53:40 / All) Easyliven: also ich leave good night
(53:47 / All) TheHumanWay: komm
(53:49 / All) TheHumanWay: die kills noch
(54:08 / All) TheHumanWay: mehr tittenrehe
(54:23 / All) TheHumanWay: ist besser
(54:35 / All) Easyliven: ich hasse die ich mach iimmer nur 1 von den zum lamen
(54:49 / All) TheHumanWay: ja, sind aber gut
(54:52 / All) TheHumanWay: 2-3 mindestens
(54:59 / All) TheHumanWay: besser als archer ggn einen lvl 5 mk
(55:13 / All) Easyliven: welche strategie sollte ich am besten mach hunts oder arhcer
(55:15 / All) Easyliven: ?
(55:29 / All) TheHumanWay: kommt auf map und gegner an
(55:32 / All) TheHumanWay: auf lt geht beides
(55:41 / All) Easyliven: k
(55:44 / All) TheHumanWay: aber du solltest 1) mich davon abhalten zu exen
(55:47 / All) Easyliven: ist bergriese gut?
(55:50 / All) TheHumanWay: lieber tower abbrechen
(55:55 / All) TheHumanWay: eher dryad bär mix
(55:59 / All) Easyliven: achja hab vergessen zu scouten
(56:02 / All) TheHumanWay: und 1-2 mg nur gegen tower
(56:06 / All) TheHumanWay: stands da mit dem dh
(56:09 / All) TheHumanWay: ich habe gecreept
(56:11 / All) Easyliven: ja
(56:13 / All) TheHumanWay: du läufst weg
(56:21 / All) TheHumanWay: das ist der schwächste punkt wenn du es richtig machst
(56:28 / All) Easyliven: typisch humans mass creep mass tower fast exe
(56:37 / All) TheHumanWay: ich spiele sonst nicht so lame
(56:39 / All) TheHumanWay: funaccoutn
(56:51 / All) Easyliven: so ein scheißß bei mir war das ernst
(56:57 / All) Easyliven: nja muss üben
(57:04 / All) TheHumanWay: wollte dir noch ein geschenk machen
(63:22 / All) TheHumanWay: lol
(63:26 / All) TheHumanWay: mispelling angus
(63:30 / All) TheHumanWay: love you anyways
(63:31 / All) TheHumanWay: :P
(63:37 / All) TheHumanWay: roachy honey